 Dungeon Crawl Stone Soup version 0.28.0 (webtiles) character file.

Game seed: 17950036673634353357

2069 chmiii the Skirmisher (level 9, -1/88 (93) HPs)
             Began as a Troll Berserker on Feb 11, 2022.
             Was a Believer of Trog.
             Slain by a killer bee (6 damage)
             ... on level 10 of the Dungeon.
             The game lasted 00:28:47 (5481 turns).

chmiii the Skirmisher (Troll Berserker)             Turns: 5481, Time: 00:28:48

HP:   -1/88 (93)    AC:  5    Str: 29    XL:     9   Next: 5%
MP:   8/8           EV: 10    Int:  5    God:    Trog [**....]
Gold: 338           SH:  5    Dex:  9    Spells: 8/8 levels left

rFire   . . .      SeeInvis .   a - +0 morningstar
rCold   . . .      Faith    .   (no shield)
rNeg    . . .      Spirit   .   b - +0 animal skin
rPois   .          Reflect  +   (helmet restricted)
rElec   .          Harm     .   o - +0 cloak
rCorr   .          Rampage  .   (gloves unavailable)
Will    ++...                   (boots unavailable)
Stlth   +.........              l - amulet of reflection
HPRegen 2.04/turn               (no ring)
MPRegen 0.11/turn               (no ring)

@: lethally poisoned (-1 -> -3), strong-willed, regenerating, drained
A: large, unfitting armour, claws 3, regeneration 1, shaggy fur 1, tough skin 1
a: Renounce Religion, Berserk, Trog's Hand


You were on level 10 of the Dungeon.
You worshipped Trog.
Trog was pleased with you.
You visited 2 branches of the dungeon, and saw 10 of its levels.

You collected 338 gold pieces.

Inventory:

Hand Weapons
 a - a +0 morningstar (weapon)
Missiles
 f - 68 sling bullets
 q - 4 poisoned darts (quivered)
 x - 2 javelins
Armour
 b - a +0 animal skin (worn)
 o - a +0 cloak (worn)
Jewellery
 l - an amulet of reflection (around neck)
 t - a ring of flight
Wands
 s - a wand of iceblast (6)
 w - a wand of digging (4)
Scrolls
 c - 2 scrolls of fear
 e - a scroll of enchant weapon
 g - a scroll of teleportation
 i - 3 scrolls of fog
 u - 2 scrolls of identify
 v - a scroll of blinking
 y - 2 scrolls of magic mapping
Potions
 d - 3 potions of lignification
 j - a potion of resistance
 k - a potion of haste {unknown}
 m - a potion of flight {unknown}
 n - a potion of curing {unknown}
 p - a potion of degeneration {unknown}
 r - a potion of heal wounds {unknown}


   Skills:
 * Level 7.4 Fighting
 + Level 6.1 Maces & Flails
 + Level 4.5 Armour
 - Level 2.8 Dodging


You had 8 spell levels left.
You didn't know any spells.
Your spell library was empty.

Dungeon Overview and Level Annotations

Branches:
Dungeon (8/15)             Temple (1/1) D:5
   Lair: D:8-11

Altars:
Ashenzari
Cheibriados
Dithmenos
Elyvilon
Fedhas
Gozag
Hepliaklqana
Makhleb
Nemelex Xobeh
Okawaru
Qazlal
Ru
Sif Muna
Trog
Uskayaw
Wu Jian
Xom
Yredelemnul
The Shining One

Annotations:
D:10 Josephine


Innate Abilities, Weirdness & Mutations

You are too large for most types of armour.
You have claws for hands.
Your natural rate of healing is unusually fast.
You are covered in fur. (AC +1)
You have tough skin. (AC +1)


Message History

You feel aware of your surroundings.
It was a scroll of magic mapping.
Josephine and 3 wraiths come into view.
Josephine is wielding a +0 dagger and wearing a +0 robe of the Archmagi.
Josephine shouts!
A wraith comes into view.
Found a stone staircase leading up.
The wraith closely misses you.
Found a stone staircase leading down.
A killer bee comes into view.
The killer bee buzzes angrily.
A killer bee comes into view.
The wraith closely misses you.
A killer bee comes into view.
The killer bee moves out of view.
The killer bee buzzes angrily.
You hear an angry buzzing noise.
A killer bee comes into view.
The killer bee stings you!
You miss the killer bee. The killer bee barely misses you. The wraith hits you!
You puncture the killer bee!
The killer bee is almost dead.
The killer bee stings you. The killer bee barely misses you.
The killer bee stings you.
You are poisoned.
The killer bee poisons you!
The killer bee stings you but does no damage.
The killer bee stings you. x2
You are more poisoned.
The killer bee poisons you! The wraith closely misses you.
Josephine points at you and mumbles some strange words.
The ghostly flame explodes!
The ghostly fireball engulfs the wraith.
The wraith completely resists.
The ghostly fireball engulfs Josephine.
Josephine completely resists.
The ghostly fireball engulfs you!!
You feel drained.
* * * LOW HITPOINT WARNING * * *
You block the killer bee's attack.
Your skin crawls.
You feel strong-willed.
You feel very sick. The killer bee stings you.
You die...

*,*,....###.########************
*,*,...........@.WWW,,,,,,,,,,,*
*,*,....###.W######***********,*
*,*,....####.######## *,*
,,*,,..............>###** *,*
***,,...###............,* *,*
,,,,,,,,,,#.#.#@....###,* *,*
***,*****.#.#..W#.....#,* *,*
,,*,*,,,........@y..#.#,* *,*
*,*,*,*,..#.#...yyy...#,* *,*
*,*,*,**#.#.#..###.####,* *,*
*,*,,,,,#,......,,...,,,* *,*
*,*,*,*,*##.##.***,###*** *,*
,,*,*,*,* #.*#.***,* *,*
*,*,,,*,* #,*#.,**,* *,*
*,*,***,***,***,**,* *,*
*,*,,,,,,,,,,,*,,*,* *******,**


You could see Josephine, 2 wraiths and 4 killer bees.

Vanquished Creatures
  A steam dragon (D:6)
  Menkaure (D:4)
  A water moccasin (D:6)
  An orc warrior (D:5)
  A black bear (D:5)
  2 necrophages
  4 ogres
  3 bullfrogs
  A scorpion (D:3)
  A bullfrog zombie (D:6)
  4 hounds
  2 jellies
  An orc priest (D:5)
  Crazy Yiuf (D:3)
  An iguana (D:6)
  4 orc wizards
  2 killer bee zombies (D:6)
  A hound zombie (D:5)
  A hound skeleton (D:4)
  11 gnolls
  9 adders
  A howler monkey skeleton (D:6)
  A white imp (D:5)
  An adder skeleton (D:4)
  5 dart slugs
  13 orcs
  6 bats
  3 endoplasms
  3 giant cockroaches
  4 goblins
  8 hobgoblins
  7 jackals
  4 kobolds
  5 quokkas
  3 ball pythons
  A frilled lizard (D:1)
  3 rats
121 creatures vanquished.

Vanquished Creatures (others)
  8 plants (D:5)
8 creatures vanquished.

Grand Total: 129 creatures vanquished

Notes
Turn   | Place    | Note
-------+----------+-------------------------------------------
     0 | D:1      | chmiii the Troll Berserker began the quest for the Orb.
     0 | D:1      | Reached XP level 1. HP: 22/22 MP: 0/0
    76 | D:1      | Reached XP level 2. HP: 29/29 MP: 1/1
   629 | D:2      | Reached skill level 3 in Fighting
   629 | D:2      | Reached XP level 3. HP: 35/37 MP: 2/2
   684 | D:2      | Found a burning altar of Makhleb.
   756 | D:2      | Reached ** piety under Trog
  1310 | D:3      | Found a white marble altar of Elyvilon.
  1322 | D:3      | Found a bloodstained altar of Trog.
  1345 | D:3      | Reached XP level 4. HP: 45/45 MP: 3/3
  1429 | D:3      | Noticed a scorpion
  1477 | D:3      | Killed a scorpion
  1478 | D:3      | Reached skill level 1 in Armour
  1586 | D:3      | Found a runed translucent door.
  1587 | D:3      | Noticed Crazy Yiuf
  1593 | D:3      | Killed Crazy Yiuf
  1594 | D:3      | Reached XP level 5. HP: 50/54 MP: 4/4
  2166 | D:4      | Noticed a necrophage
  2362 | D:4      | Reached skill level 4 in Fighting
  2442 | D:4      | Killed a necrophage
  2443 | D:4      | Reached XP level 6. HP: 63/63 MP: 5/5
  2645 | D:4      | Noticed Menkaure
  2653 | D:4      | Killed Menkaure
  2905 | D:5      | Entered Level 5 of the Dungeon
  2970 | D:5      | Reached skill level 5 in Fighting
  2970 | D:5      | Reached XP level 7. HP: 72/72 MP: 6/6
  3681 | D:5      | Reached skill level 5 in Maces & Flails
  3773 | D:5      | Found a staircase to the Ecumenical Temple.
  3807 | D:5      | Reached skill level 6 in Fighting
  3807 | D:5      | Reached XP level 8. HP: 18/83 MP: 7/7
  3809 | Temple   | Entered the Ecumenical Temple
  4916 | D:6      | Reached skill level 7 in Fighting
  5095 | D:6      | Found a sacrificial altar of Ru.
  5370 | D:6      | Reached XP level 9. HP: 93/93 MP: 8/8
  5452 | D:8      | You fall into a shaft and drop 2 floors!
  5452 | D:10     | Entered Level 10 of the Dungeon
  5470 | D:10     | Noticed Josephine
  5481 | D:10     | Slain by a killer bee

Illustrated notes

Levels and vault maps discovered:
D:1:      minmay_arrival_four_circles, layout_basic
D:2:      minmay_chambers_of_ones, layout_basic, basic_altar
D:3:      layout_basic, grunt_temple_overflow_open, uniq_crazy_yiuf_cottage
D:4:      layout_loops_ring, uniq_menkaure
D:5:      layout_basic, minmay_temple_entry_gardened_gates
D:6:      layout_loops_ring, nicolae_ru_awakened_eye, minmay_circle_x
D:7:      layout_loops_ring, zin_academy, lemuel_zombie_altar_kikubaaqudgha,
          grunt_decor_one_mirror, kennysheep_cluttered_room
D:8:      layout_rooms, nicolae_vehumet_radiance
D:10:     layout_basic, nrook_mini_backslash, roderic_lattice_a, uniq_josephine,
          uniq_psyche
Temple:   eino_temple_rhombus

Skill      XL: |  1  2  3  4  5  6  7  8 |
---------------+-------------------------+-----
Maces & Flails | 3 4 5 6 |  6.1
Fighting       | 3 4 5 6 7 |  7.4
Armour         | 1 2 3 4 |  4.5
Dodging        | |  2.8

Action                   |  1- 3 |  4- 6 |  7- 9 || total
-------------------------+-------+-------+-------++-------
Melee: Mace              |   126 |   132 |    97 ||   355
       Morningstar       |       |       |   113 ||   113
       Punch             |       |       |     3 ||     3
Throw: Dart              |       |     5 |     4 ||     9
Invok: Berserk           |       |     4 |     3 ||     7
       Trog's Hand       |       |     4 |     3 ||     7
  Use: Scroll            |       |     6 |     4 ||    10
       Potion            |       |       |     1 ||     1
 Stab: Sleeping          |       |       |     1 ||     1
Armor: Animal skin       |    66 |    56 |    59 ||   181
       Skin              |       |       |     3 ||     3
Dodge: Dodged            |    88 |    86 |   112 ||   286
Block: Other             |       |    27 |    52 ||    79
